 Dungeon Crawl Stone Soup version 0.25-a0-289-g406d6369f5 (webtiles) character file.

Game seed: 15463971521195820910, levelgen mode: deterministic

123 MoonlitKnight the Conjurer (level 4, -7/24 HPs)
             Began as a Deep Elf Conjurer on Dec 13, 2019.
             Killed by nerve-wracking pain
             ... invoked by an orc priest
              (12 damage)
             ... on level 3 of the Dungeon.
             The game lasted 00:11:13 (2632 turns).

MoonlitKnight the Conjurer (Deep Elf Conjurer)      Turns: 2632, Time: 00:11:16

Health: -7/24      AC:  7    Str:  5    XL:     4   Next: 80%
Magic:  6/12       EV: 14    Int: 21    God:
Gold:   117        SH:  0    Dex: 15    Spells: 1/11 levels left

rFire    . . .     SeeInvis .   a - +1 dagger (speed)
rCold    . . .     Gourm    .   (no shield)
rNeg     . . .     Faith    .   z - +0 robe
rPois    .         Spirit   .   u - +0 helmet
rElec    .         Reflect  .   o - +0 cloak
rCorr    .         Harm     .   g - +1 pair of gloves
MR       .....                  i - +0 pair of boots
Stlth    ++........             v - amulet of the acrobat (curse)
HPRegen  0.08/turn              (no ring)
MPRegen  0.13/turn              (no ring)

@: no status effects
A: no striking features
a: no special abilities


You were on level 3 of the Dungeon.
You were hungry.

You visited 1 branch of the dungeon, and saw 3 of its levels.

You collected 117 gold pieces.

Inventory:

Hand Weapons
 a - a +1 dagger of speed (weapon)
 e - a +0 club
Missiles
 d - 20 sling bullets
 y - 33 poisoned darts (quivered)
Armour
 g - a +1 pair of gloves (worn)
 i - a +0 pair of boots (worn)
 o - a +0 cloak (worn)
 u - a +0 helmet (worn)
 z - a +0 robe (worn)
Jewellery
 v - a cursed amulet of the acrobat (around neck)
Wands
 w - a wand of random effects (21)
Scrolls
 b - 3 scrolls of identify {unknown}
 f - a scroll of enchant armour {unknown}
 h - a scroll of enchant weapon {unknown}
 n - a scroll of magic mapping {unknown}
 q - a scroll of amnesia {unknown}
 s - 2 scrolls of remove curse {unknown}
 t - 2 scrolls of teleportation {unknown}
Potions
 j - a potion of berserk rage {unknown}
 k - 2 potions of degeneration {unknown}
 l - a potion of ambrosia {unknown}
 m - 2 potions of heal wounds {unknown}
 r - a potion of might {unknown}
 x - a potion of lignification {unknown}
Comestibles
 c - 11 rations
 p - 7 chunks of flesh


   Skills:
 + Level 3.6 Dodging
 - Level 2.4 Stealth
 + Level 4.2 Spellcasting
 - Level 5.7 Conjurations
 + Level 0.3 Hexes
 + Level 0.1 Translocations


You had one spell level left.
You knew the following spells:

 Your Spells              Type           Power        Failure   Level  Hunger
a - Magic Dart            Conj           ####         1%          1    None
b - Searing Ray           Conj           ####..       1%          2    #......
c - Dazzling Flash        Conj/Hex       ###...       10%         3    ###....
d - Iskenderun's Mystic   Conj/Tloc      ###.....     34%         4    ####...

Your spell library contained the following spells:

 Spells                   Type           Power        Failure   Level  Hunger
 Fulminant Prism          Conj/Hex       ###.......   32%         4    ####...


Dungeon Overview and Level Annotations

Branches:
Dungeon (3/15)

Altars:
Xom
Zin


Message History

Aiming: Magic Dart (safe; 1% risk of failure)
Press: ? - help, Shift-Dir - straight line, f/p - orc priest
Aim: an orc priest, wearing a +0 leather armour (severely wounded)
The magic dart hits the orc priest.
The orc priest is almost dead.
The orc priest mumbles some strange prayers to Beogh against you.
Beogh smites you!
* * * LOW HITPOINT WARNING * * *
Casting: Magic Dart (safe; 1% risk of failure)
Confirm with . or Enter, or press ? or * to list all spells.
Aiming: Searing Ray (safe; 1% risk of failure)
Press: ? - help, Shift-Dir - straight line, f/p - orc priest
Aim: an orc priest, wearing a +0 leather armour (almost dead)
The searing ray misses the orc priest. (Press . to maintain the ray.)
You are feeling hungry.
The orc priest calls down the wrath of Beogh upon you.
Pain shoots through your body!
Ouch! That really hurt!
You die...

#.# #.#.# .# #.#
#.#>#####.###
#[########...........
#............##...##
###.######.#.#.....##
#.# #.#.÷÷.....######
#.# #................
### ######........######
###..@.#.#.....#######
##...÷..o..............
##....÷..#.##...########
##.....####.###.## # ##
.# #....### #.###.#### #
.. .# #...### #........#
# .# .. #....##rs
#..##.##.# # .# .#
#...##
S[.##..##.##.###### .#
.# #...#
.K##..##.....(...[


You could see an orc priest.

Vanquished Creatures
  Robin (D:2)
  3 adders (D:2)
  A dart slug (D:2)
  5 leopard geckos
  4 orcs (D:3)
  2 ball pythons
  4 giant cockroaches
  13 hobgoblins
  6 jackals
  A quokka (D:3)
  4 bats
  4 frilled lizards
  11 goblins
  6 kobolds
  7 rats
72 creatures vanquished.

Notes
Turn   | Place    | Note
-------+----------+-------------------------------------------
     0 | D:1      | MoonlitKnight the Deep Elf Conjurer began the quest for the
                  | Orb.
     0 | D:1      | Reached XP level 1. HP: 10/10 MP: 6/6
   258 | D:1      | Reached XP level 2. HP: 15/15 MP: 6/8
   543 | D:1      | Learned a level 2 spell: Searing Ray
  1093 | D:1      | Reached skill level 5 in Conjurations
  1093 | D:1      | Reached XP level 3. HP: 19/19 MP: 5/10
  1221 | D:2      | Learned a level 3 spell: Dazzling Flash
  1267 | D:2      | Noticed an angel
  1268 | D:2      | Found a glowing silver altar of Zin.
  1268 | D:2      | Found a shimmering altar of Xom.
  1493 | D:2      | Noticed Robin
  1507 | D:2      | Killed Robin
  1532 | D:2      | Reached XP level 4. HP: 17/24 MP: 3/11
  1872 | D:2      | You fall into a shaft and drop 1 floor!
  2419 | D:2      | Learned a level 4 spell: Iskenderun's Mystic Blast
  2632 | D:3      | Killed from afar by an orc priest

Levels and vault maps discovered:
D:1:      psy_arrival_statuary, layout_basic
D:2:      wander_river, layout_loops_ring,
          grunt_temple_overflow_order_and_chaos_1, minmay_heptomino_d4,
          uniq_robin
D:3:      layout_loops_ring, minmay_misc_feat_chi, lightli_corner_chamber,
          uniq_crazy_yiuf_cottage

Skill      XL: |  1  2  3  4 |
---------------+-------------+-----
Dodging        | 3 |  3.6
Conjurations   | 5 |  5.7
Spellcasting   | 4 |  4.2
Stealth        | |  2.4
Hexes          | |  0.3
Translocations | |  0.1

Action                   |  1- 3 |  4- 6 || total
-------------------------+-------+-------++-------
Melee: Club              |    43 |     2 ||    45
 Cast: Magic Dart        |    56 |    38 ||    94
       Searing Ray       |     4 |    11 ||    15
  Eat: Chunk             |     2 |     3 ||     5
Armor: Robe              |    21 |     1 ||    22
Dodge: Dodged            |    58 |     7 ||    65

Table legend:
 A = Non-vault XP
 B = Vault XP
 C = Vault XP percentage of total XP
 D = Non-vault monster count
 E = Vault monster count
 F = Vault count percentage of total count
                 A         B        C        D         E       F
            +---------+---------+-------+---------+---------+-------
      Total |     138 |      39 |  22.0 |      57 |      15 |  20.8
            +---------+---------+-------+---------+---------+-------
        D:1 |      41 |       0 |   0.0 |      25 |       0 |   0.0
        D:2 |      62 |      39 |  38.6 |      13 |      15 |  53.6
        D:3 |      35 |       0 |   0.0 |      19 |       0 |   0.0
            +---------+---------+-------+---------+---------+-------
